 Dungeon Crawl Stone Soup version 0.32-a0-616-g9348d4545b (webtiles) character file.

Game seed: 1137081297457348544

50 ytrimaz the Trooper (level 3, 0/29 HPs)
             Began as a Coglin Fighter on Mar 5, 2024.
             Slain by an orc
             ... wielding a +0 falchion
              (3 damage)
             ... on level 2 of the Dungeon.
             The game lasted 00:02:23 (1985 turns).

ytrimaz the Trooper (Coglin Fighter)                Turns: 1985, Time: 00:02:24

Health: 0/29       AC:  8    Str: 18    XL:     3   Next: 79%
Magic:  3/3        EV:  9    Int:  7    God:
Gold:   79         SH:  0    Dex: 13    Spells: 2/2 levels left

rFire   . . .        a - +0 war axe {Anan}
rCold   . . .        (no shield)
rNeg    . . .        b - +0 scale mail
rPois   .            j - +2 hat
rElec   .            (no cloak)
rCorr   .            (no gloves)
SInv    .            (no boots)
Will    .....        (amulet unavailable) Stlth
                     (ring unavailable)
HPRegen 0.24/turn    (ring unavailable)
MPRegen 0.08/turn    (no gizmo)

%: no passive effects
@: mighty, revved
A: off-hand wielding, slow wielding, warmup strikes, no jewellery
a: Invent Gizmo


You were on level 2 of the Dungeon.
You visited 1 branch of the dungeon, and saw 2 of its levels.

You collected 79 gold pieces.


Innate Abilities, Weirdness & Mutations

You can wield a second weapon in your off-hand.
It takes a long time for you to wield or remove held weapons.
Your first few attacks do less damage.
You cannot equip rings or amulets.


   Skills:
 + Level 3.6 Fighting
 + Level 2.7 Axes
 + Level 3.2 Armour
 - Level 2.1 Shields


You had 2 spell levels left.
You didn't know any spells.
Your spell library contained the following spells:

 Spells                   Type           Power      Damage    Failure   Level
 Inner Flame              Hex/Fire       0%         N/A       99%         3
 Irradiate                Conj/Alch      0%         3d11      100%        5
 Ignition                 Fire           0%         3d3       100%        8

Inventory:

Hand Weapons
 a - a +0 war axe (weapon) {Anan}
Armour
 b - a +0 scale mail (worn)
 j - a +2 hat (worn)
   (You found it on level 1 of the Dungeon)
Potions
 c - a potion of mutation {unknown}
 e - 2 potions of heal wounds {unknown}
 i - a potion of ambrosia {unknown}

Dungeon Overview and Level Annotations

Branches:
Dungeon (2/15) Zot: 9967

Altars:

#....# #.##.
###.## #.... #.#
##### #.# #.. #.#
#.# #.# #.#
######.###########
#.#
.................#
#.#
####.....#######@#
#####.# ##...##
#o# #...... ##.##
#o# #.##### #.#


oo. ##.## #.# #.# ##...## #+# #.# #.....### #.. #.......# ### #.....#.#
##...#..# You could see 4 orcs.


Message History

The rat bites you but does no damage.
Unknown command.
You barely miss the rat. The rat bites you but does no damage.
The rat closely misses you. The rat closely misses you. 😎 HP[+1]
Your hp is fully restored (29).
The rat misses you. The rat bites you but does no damage.
Unknown command.
You barely miss the rat. The rat barely misses you.
You slash the rat!
You kill the rat!
No target in view!
Unknown command.
You now have 79 gold pieces (gained 17).
Found an escape hatch in the floor.
There is an escape hatch in the floor here.
Found a stone staircase leading down.
There is an open door here.
There is an open door here.
Key pressed, stopping explore.
No target in view!
Things that are here:
a +0 dagger; a goblin skeleton Key pressed, stopping explore.
No target in view!
You open the door.
A ball python comes into view.
Found an escape hatch in the ceiling.
A ball python is nearby!
A ball python is nearby!
There is an open door here.
You barely miss the ball python. The ball python closely misses you.
The ball python grabs you. The ball python constricts you.
You escape the ball python's grasp.
You closely miss the ball python. The ball python barely misses you.
The ball python misses you.
The ball python bites you but does no damage.
The ball python grabs you. The ball python constricts you.
You escape the ball python's grasp.
You barely miss the ball python. The ball python closely misses you.
The ball python completely misses you. The ball python closely misses you.
The ball python barely misses you.
You barely miss the ball python.
The ball python bites you but does no damage.
The ball python barely misses you. The ball python completely misses you.
The ball python closely misses you.
You closely miss the ball python. The ball python barely misses you.
The ball python closely misses you.
You slash the ball python!
You kill the ball python!
Unknown command.
Unknown command.
You open the door.
There is an open door here.
Key pressed, stopping explore. 2 orcs come into view.
The orc shouts! x2
The orc moves out of view.
An orc is nearby!
An orc is nearby!
An orc is nearby!
An orc comes into view. It is wielding a +0 flail.
Unknown command.
You closely miss the orc.
An orc comes into view. It is wielding a +0 hand axe.
The orc hits you with a +0 falchion. x2 😮 HP[-10]
You take 10 damage, and now have 19/29 hp.
MASSIVE DAMAGE!! (PAUSE)
You barely miss the orc. The orc hits you with a +0 falchion.
You are too injured to fight recklessly! 😮 HP[-2]
You take 2 damage, and now have 17/29 hp.
You barely miss the orc. The orc hits you with a +0 falchion.
* * * LOW HITPOINT WARNING * * *
The orc hits you but does no damage. 😨 HP[-6]
You take 6 damage, and now have 11/29 hp.
MASSIVE DAMAGE!! (PAUSE)
You barely miss the orc.
The orc hits you but does no damage. 😨 HP[+1]
You barely miss the orc. The orc barely misses you.
Unknown command.
You feel very mighty all of a sudden. The orc hits you with a +0 falchion.
* * * LOW HITPOINT WARNING * * *
😱 HP[-5]
You take 5 damage, and now have 7/29 hp.
Unknown command.
You hit the orc. The orc hits you with a +0 falchion.
* * * LOW HITPOINT WARNING * * *
The orc barely misses you. 😱 HP[-4]
You take 4 damage, and now have 3/29 hp.
You closely miss the orc. The orc hits you with a +0 falchion.
You die...

Skill      XL: |  1  2 |
---------------+-------+-----
Armour         | 3 |  3.2
Fighting       | |  3.6
Axes           | |  2.7
Shields        | |  2.1

Action                     || total
---------------------------++-------
  Melee: War axe           ||   125
    Use: Scroll            ||     4
         Potion            ||     1
 Armour: Scale mail        ||   112
  Dodge: Dodged            ||    78

Levels and vault maps discovered:
D:1:      lemuel_arrival_cross, layout_basic, feat_on_display
D:2:      layout_loops_corners, chequers_decorated_corner

Notes
Turn   | Place    | Note
-------+----------+-------------------------------------------
     0 | D:1      | ytrimaz the Coglin Fighter began the quest for the Orb.
     0 | D:1      | Reached XP level 1. HP: 18/18 MP: 1/1
     0 | D:1      | magus.rc [v1.9.6]
   110 | D:1      | Reached XP level 2. HP: 24/24 MP: 2/2
   293 | D:1      | Reached skill level 3 in Armour
   293 | D:1      | HP: 6/24 [hobgoblin (2)]
   368 | D:1      | You pick up a book of Spontaneous Combustion and begin
                  | reading...
   368 | D:1      | You add the spells Inner Flame, Irradiate and Ignition to
                  | your library.
   662 | D:1      | Reached XP level 3. HP: 27/29 MP: 3/3
  1983 | D:2      | HP: 7/29 [orc/+0 falchion (5)]
  1984 | D:2      | HP: 3/29 [orc/+0 falchion (5)]
  1985 | D:2      | Slain by an orc

Vanquished Creatures
  An adder (D:2)
  6 ball pythons
  7 endoplasms
  A giant cockroach (D:1)
  2 hobgoblins (D:1)
  7 kobolds
  2 bats (D:1)
  2 frilled lizards (D:1)
  7 goblins
  3 rats
38 creatures vanquished.

Table legend:
 A = Non-vault XP
 B = Vault XP
 C = Vault XP percentage of total XP
 D = Non-vault monster count
 E = Vault monster count
 F = Vault count percentage of total count
                 A         B        C        D         E       F
            +---------+---------+-------+---------+---------+-------
      Total |      72 |       0 |   0.0 |      38 |       0 |   0.0
            +---------+---------+-------+---------+---------+-------
        D:1 |      48 |       0 |   0.0 |      29 |       0 |   0.0
        D:2 |      24 |       0 |   0.0 |       9 |       0 |   0.0
            +---------+---------+-------+---------+---------+-------

Skill      XL: |  1  2 |
---------------+-------+-----
Armour         | 3 |  3.2
Fighting       | |  3.6
Axes           | |  2.7
Shields        | |  2.1

Action                     || total
---------------------------++-------
  Melee: War axe           ||   125
    Use: Scroll            ||     4
         Potion            ||     1
 Armour: Scale mail        ||   112
  Dodge: Dodged            ||    78

Illustrated notes

Table legend:
 A = Kills in this place as a percentage of kills in the entire game.
 B = Kills by you in this place as a percentage of kills by you in the entire game.
 C = Kills by friends in this place as a percentage of kills by friends in the entire game.
 D = Other kills in this place as a percentage of other kills in the entire game.
 E = Experience gained in this place as a percentage of experience gained in the entire game.
 F = Experience gained in this place divided by the number of levels of this place that you have seen.
                   A       B       C       D       E      F
               +-------+-------+-------+-------+-------+----------------------
         Total | 100.0 | 100.0 |   N/A |   N/A | 100.0 |  36.0
       Dungeon | 100.0 | 100.0 |   N/A |   N/A | 100.0 |  36.0
               +-------+-------+-------+-------+-------+----------------------

Table legend: (Time is in decaauts)
 A = Elapsed time spent in this place.
 B = Non-inter-level travel time spent in this place.
 C = Inter-level travel time spent in this place.
 D = Time resting spent in this place.
 E = Time spent auto-exploring this place.
 F = Levels seen in this place.
 G = Mean time per level.
                   A        B        C        D        E       F      G
               +--------+--------+--------+--------+--------+-----+--------+
         Total |   2031 |   1939 |     92 |    126 |   1444 |   2 | 1015.5 |
       Dungeon |   2031 |   1939 |     92 |    126 |   1444 |   2 | 1015.5 |
               +--------+--------+--------+--------+--------+-----+--------+

Top non-repeatable levels by time:
     D:1: 1423 daAuts
     D:2: 607 daAuts
